 Dungeon Crawl Stone Soup version 0.20.1-1-g8b1a95d (webtiles) character file.

112 gungr the Insei (level 4, 0/28 HPs)
             Began as an Octopode Transmuter on Oct 31, 2017.
             Slain by a gnoll
             ... wielding a +0 spear
              (3 damage)
             ... on level 3 of the Dungeon on Nov 3, 2017.
             The game lasted 00:09:23 (2617 turns).

gungr the Insei (Octopode Transmuter)               Turns: 2617, Time: 00:09:23

Health: 0/28       AC:  1    Str:  9    XL:     4   Next: 95%
Magic:  2/7        EV: 13    Int: 16    God:
Gold:   115        SH:  0    Dex: 12    Spells: 4/7 levels left

rFire    . . .     SeeInvis .     - Unarmed
rCold    . . .     Gourm    .   (no shield)
rNeg     . . .     Faith    .   (helmet restricted)
rPois    .         Spirit   .   (no amulet)
rElec    .         Reflect  .   (no ring)
rCorr    .         Harm     .   (no ring)
MR       .....                  (no ring)
Stlth    ++........             (no ring)
Regen    0.1/turn               (no ring)
MPRegen  0.1/turn               (no ring)
                                (no ring)
                                (no ring)

@: very slightly contaminated
A: almost no armour, stealthy swim, amphibious, 8 rings, constrict 8, camouflage
1, gelatinous body 1
a: no special abilities


You were on level 3 of the Dungeon.
You were not hungry.

You visited 1 branch of the dungeon, and saw 3 of its levels.

You collected 115 gold pieces.

Inventory:

Missiles
 a - 5 arrows
Scrolls
 c - a scroll of recharging {unknown}
 e - a scroll of identify {unknown}
 f - a scroll of amnesia {unknown}
 g - a scroll of teleportation {unknown}
 i - a scroll of blinking {unknown}
 m - a scroll of magic mapping {unknown}
Books
 b - a book of Changes

   Spells                             Type                      Level
   a - Beastly Appendage              Transmutation                1
   b - Sticks to Snakes               Transmutation                2
   c - Spider Form                    Transmutation/Poison         3
   d - Ice Form                       Ice/Transmutation            4
   e - Blade Hands                    Transmutation                5
Comestibles
 h - a bread ration
 k - 3 fruits
 l - a royal jelly


   Skills:
 - Level 1.0 Fighting
 - Level 2.0 Dodging
 - Level 5.0 Unarmed Combat
 - Level 2.0 Spellcasting
 + Level 2.8 Transmutations


You had 4 spell levels left.
You knew the following spells:

 Your Spells              Type           Power        Failure   Level  Hunger
a - Beastly Appendage     Tmut           ##....       6%          1    #......
b - Sticks to Snakes      Tmut           ##......     10%         2    ###....


Dungeon Overview and Level Annotations

Branches:
Dungeon (3/15)

Altars:


Innate Abilities, Weirdness & Mutations

You cannot wear most types of armour.
You are very stealthy in the water. (Stealth+)
You are amphibious.
You can wear up to eight rings at the same time.
You can use your tentacles to constrict eight enemies at once.
Your skin changes colour to match your surroundings (Stealth+).
Your rubbery body absorbs attacks. (AC +1, EV +1)


Message History

The gnoll hits you but does no damage. The gnoll hits you but does no damage.
The gnoll hits you but does no damage. The gnoll hits you but does no damage.
The gnoll hits you but does no damage.
You feel less wooden. The gnoll closely misses you.
The gnoll hits you from afar with a spear.
* * * LOW HITPOINT WARNING * * *
The gnoll misses you.
Things that are here:
a flail; a gnoll corpse You barely miss the gnoll.
You grab the gnoll.
The gnoll is severely wounded.
You constrict the gnoll. The gnoll misses you.
You tentacle-slap the gnoll.
The gnoll is almost dead.
You constrict the gnoll, but do no damage.
The gnoll hits you with a spear.
You die...

#..........g...###
#.......g#####.# ##
########.#####.# #..
...####.##....#
#..###.......##.##.#
...#..####...)...#
#.#..####.##.####
#.##.†..........#
#.....@.####.####
######g#####.#
#....Sg.# #########


You could see a gnoll.

Vanquished Creatures
  2 gnolls (D:3)
  2 adders (D:2)
  A dart slug (D:2)
  2 leopard geckos (D:2)
  8 bats
  2 giant cockroaches
  8 goblins
  5 hobgoblins
  6 jackals
  12 kobolds
  A ball python (D:1)
  5 frilled lizards
  8 rats
62 creatures vanquished.

Vanquished Creatures (collateral kills)
  A gnoll (D:3)
1 creature vanquished.

Grand Total: 63 creatures vanquished

Notes
Turn   | Place    | Note
-------+----------+-------------------------------------------
     0 | D:1      | gungr the Octopode Transmuter began the quest for the Orb.
     0 | D:1      | Reached XP level 1. HP: 13/13 MP: 3/3
   107 | D:1      | Reached XP level 2. HP: 16/18 MP: 5/5
   591 | D:1      | Reached skill level 4 in Unarmed Combat
   676 | D:1      | Reached XP level 3. HP: 17/23 MP: 6/6
  1577 | D:2      | Reached XP level 4. HP: 20/28 MP: 7/7
  1992 | D:2      | Reached skill level 5 in Unarmed Combat
  2292 | D:3      | Learned a level 2 spell: Sticks to Snakes
  2617 | D:3      | Slain by a gnoll

Skill      XL: |  1  2  3  4 |
---------------+-------------+-----
Unarmed Combat | 4 5 |  5.0
Fighting       | |  1.0
Dodging        | |  2.0
Spellcasting   | |  2.0
Transmutations | |  2.8

Action                   |  1- 3 |  4- 6 || total
-------------------------+-------+-------++-------
Melee: Unarmed           |    95 |    44 ||   139
       Constrict         |    25 |    12 ||    37
       Tentacles         |     8 |     9 ||    17
       Punch             |     3 |     1 ||     4
 Cast: Sticks to Snakes  |       |     7 ||     7
       Beastly Appendage |       |     1 ||     1
  Use: Potion            |       |     2 ||     2
 Stab: Sleeping          |     9 |     4 ||    13
       Distracted        |     1 |       ||     1
  Eat: Bread ration      |     1 |     1 ||     2
Armor: Skin              |     6 |    26 ||    32
Dodge: Dodged            |    59 |    31 ||    90
